cohdb
Replays
Latest Replays
All Replays
Popular Replays
Top Player Replays
Match Explorer
How It Works
Community
CoH3 Stats
Reddit
Sign in to upload your games and track your stats! →
Sign in with Steam
Match 45755768
Unlisted
Match 45755768
Overview
Messages
Build Orders
End
Engineer Squad
Construct Barracks
1⁄4-ton 4x4 Truck
Riflemen Squad
Riflemen Squad
Grenade Package
Construct Medical Station
Construct Weapon Support Center
Bazooka Squad
M1919 Machine Gun Team
Mechanized Support Center
Bazooka Squad
Improved M9 Bazooka Rockets
M3 Armored Personnel Carrier
Riflemen Squad
Engineer Squad
Scout Squad
Construct Motor Pool
M3 Armored Personnel Carrier
M1919 Machine Gun Team
XavRS
Prowley
Alloyzy Klex®
SEPH
0
0
Comments
sign in to comment!
No comments posted yet!